 Dungeon Crawl Stone Soup version 0.30.1-11-g7821555f0a (webtiles) character file.

Game seed: 17256028725166814549

258 cowcol the Covered (level 5, 0/47 HPs)
             Began as a Minotaur Fighter on Jan 7, 2024.
             Slain by an orc wizard
             ... wielding a +0 dagger
              (3 damage)
             ... on level 4 of the Dungeon.
             The game lasted 00:05:44 (3536 turns).

cowcol the Covered (Minotaur Fighter)               Turns: 3536, Time: 00:05:44

Health: 0/47       AC:  8    Str: 23    XL:     5   Next: 94%
Magic:  4/4        EV: 14    Int:  5    God:
Gold:   151        SH:  4    Dex:  9    Spells: 4/4 levels left

rFire   . . .        a - +0 war axe
rCold   . . .        c - +0 buckler
rNeg    . . .        b - +0 scale mail
rPois   .            (helmet restricted)
rElec   .            (no cloak)
rCorr   .            (no gloves)
SInv    .            k - +0 pair of boots
Will    .....        (no amulet) Stlth
                     e - +5 ring of evasion
HPRegen 0.27/turn    (no ring)
MPRegen 0.09/turn

%: no passive effects
@: no status effects
A: horns 2, retaliatory headbutt
a: no special abilities


You were on level 4 of the Dungeon.
You visited 1 branch of the dungeon, and saw 4 of its levels.

You collected 193 gold pieces.
You spent 42 gold pieces at shops.

Inventory:

Hand Weapons
 a - a +0 war axe (weapon)
Armour
 b - a +0 scale mail (worn)
 c - a +0 buckler (worn)
 k - a +0 pair of boots (worn)
Jewellery
 e - a +5 ring of evasion (left hand)
Wands
 j - a wand of charming (7)
 l - a wand of flame (3)
Scrolls
 n - a scroll of vulnerability
 o - a scroll of magic mapping
 p - a scroll of amnesia {unknown}
Potions
 d - a potion of mutation {unknown}
 f - 2 potions of curing
 g - 3 potions of cancellation {unknown}
 i - a potion of haste {unknown}
 m - a potion of ambrosia {unknown}


   Skills:
 + Level 4.9 Fighting
 + Level 4.7 Axes
 + Level 5.8 Armour
 - Level 4.0 Shields


You had 4 spell levels left.
You didn't know any spells.
Your spell library contained the following spells:

 Spells                   Type           Power      Damage    Failure   Level
 Freeze                   Ice            0%         1d3       83%         1
 Frozen Ramparts          Ice            0%         1d1       99%         3
 Hailstorm                Conj/Ice       0%         3d3       99%         3


Dungeon Overview and Level Annotations

Branches:
Dungeon (4/15)
 Temple: D:4-7

Altars:
Ashenzari
Vehumet
Zin

Shops:
D:2 *   D:3 *


Innate Abilities, Weirdness & Mutations

You have a pair of horns on your head.
You reflexively headbutt those who attack you in melee.


Message History

The orc priest is severely wounded.
You hit something but do no damage. Something hits you but does no damage.
The orc priest hits you with a +0 club.
You barely miss the orc priest.
The orc priest is severely wounded.
You slash something!
You hear some strange, mumbled words.
A puff of flame appears from out of thin air!
The puff of flame hits you. You block the orc priest's attack.
You barely miss the orc priest.
The orc priest is severely wounded.
You miss something. Something hits you but does no damage.
The orc priest hits you with a +0 club. Something hits you.
The orc priest closely misses you.
You hit the orc priest.
You kill the orc priest!
You closely miss something. Something hits you.
You closely miss something. Something barely misses you.
The orc priest closely misses you.
You hit something but do no damage.
You hear some strange, mumbled words.
A puff of flame appears from out of thin air!
The puff of flame misses you.
The orc priest hits you from afar with a +0 trident.
You miss something. Something hits you.
The orc priest hits you but does no damage.
Something hits you.
The orc priest invokes the aid of Beogh against you.
Beogh smites you!
* * * LOW HITPOINT WARNING * * *
Unknown command.
You closely miss something.
You hear some strange, mumbled words.
A puff of flame appears from out of thin air!
The puff of flame misses you.
The orc priest mumbles some strange prayers to Beogh against you.
Pain shoots through your body!
* * * LOW HITPOINT WARNING * * *
Something hits you.
You die...

#######
#.....#
#.....#
#....@#
#...{.#
#....)#
##+#.o.
#....
#.....
#......
#.......
#........


You could see an orc priest.

Vanquished Creatures
  2 orc priests
  Terence (D:2)
  Natasha (thrice) (D:2)
  Robin (D:3)
  2 adders
  9 orcs (D:3)
  3 ball pythons
  6 endoplasms
  15 goblins
  5 hobgoblins
  3 kobolds
  6 bats
  2 rats (D:2)
58 creatures vanquished.

Notes
Turn   | Place    | Note
-------+----------+-------------------------------------------
     0 | D:1      | cowcol the Minotaur Fighter began the quest for the Orb.
     0 | D:1      | Reached XP level 1. HP: 19/19 MP: 0/0
   306 | D:1      | Reached skill level 4 in Armour
   306 | D:1      | Reached XP level 2. HP: 14/27 MP: 1/1
   772 | D:2      | Noticed Terence
   784 | D:2      | Killed Terence
   785 | D:2      | Reached XP level 3. HP: 20/33 MP: 2/2
  1328 | D:2      | Noticed Natasha
  1336 | D:2      | Killed Natasha
  1337 | D:2      | Reached XP level 4. HP: 26/41 MP: 3/3
  1541 | D:2      | Noticed Natasha
  1554 | D:2      | Killed Natasha
  1555 | D:2      | Reached skill level 5 in Armour
  1686 | D:2      | Found Jeimug's General Store.
  1701 | D:2      | Bought a potion of curing for 42 gold pieces
  1860 | D:2      | Noticed Natasha
  1872 | D:2      | Killed Natasha
  2498 | D:3      | Found Zin's Purification Station.
  2500 | D:3      | Found a glowing silver altar of Zin.
  2543 | D:3      | Reached XP level 5. HP: 47/47 MP: 4/4
  2681 | D:3      | Noticed Robin
  2697 | D:3      | Killed Robin
  2884 | D:3      | Found a broken altar of Ashenzari.
  3043 | D:3      | Found a radiant altar of Vehumet.
  3536 | D:4      | Slain by an orc wizard

Illustrated notes

Levels and vault maps discovered:
D:1:      lightli_arrival_chessboard, layout_basic
D:2:      layout_loops_corners, serial_shops, nicolae_shop_statue_plus,
          nicolae_concentric_dashed_squares_mild, uniq_terence, uniq_natasha
D:3:      layout_loops_ring, mainiacjoe_overflow_paths, old_standard_altar,
          zin_purify, uniq_robin
D:4:      cheibrodos_thug_alley, layout_gridville, grunt_qazlal_sundering,
          minmay_temple_entry_slanted, minmay_hollow_rounded_squares,
          uniq_eustachio, uniq_sigmund

Skill      XL: |  1  2  3  4  5 |
---------------+----------------+-----
Armour         | 4 5 |  5.8
Shields        | 4 |  4.0
Fighting       | 4 |  4.9
Axes           | 3 4 |  4.7

Action                     |  1- 3 |  4- 6 || total
---------------------------+-------+-------++-------
  Melee: War axe           |    46 |    82 ||   128
         Headbutt          |     2 |     8 ||    10
    Use: Potion            |     1 |       ||     1
         Scroll            |     2 |     3 ||     5
 Armour: Scale mail        |    12 |    30 ||    42
  Dodge: Dodged            |    34 |    59 ||    93
  Block: Buckler           |     5 |    16 ||    21
